 Dungeon Crawl Stone Soup version 0.30.1-11-g7821555f0a (webtiles) character file.

Game seed: 230235815135182144

56 Martska the Trooper (level 3, 0/33 HPs)
             Began as a Minotaur Fighter on Dec 2, 2023.
             Slain by a gnoll
             ... wielding a +0 spear
              (3 damage)
             ... on level 2 of the Dungeon.
             The game lasted 00:01:49 (1280 turns).

Martska the Trooper (Minotaur Fighter)              Turns: 1280, Time: 00:01:50

Health: 0/33       AC: 10    Str: 22    XL:     3   Next: 71%
Magic:  2/2        EV:  8    Int:  5    God:
Gold:   59         SH:  4    Dex:  9    Spells: 2/2 levels left

rFire   . . .        g - +1 whip (vamp)
rCold   . . .        c - +0 buckler
rNeg    . . .        f - +1 chain mail {rPois}
rPois   +            (helmet restricted)
rElec   .            (no cloak)
rCorr   .            (no gloves)
SInv    .            (no boots)
Will    .....        (no amulet) Stlth
                     (no ring)
HPRegen 0.25/turn    (no ring)
MPRegen 0.08/turn

%: no passive effects
@: mighty
A: horns 2, retaliatory headbutt
a: no special abilities


You were on level 2 of the Dungeon.
You visited 1 branch of the dungeon, and saw 2 of its levels.

You collected 59 gold pieces.

Inventory:

Hand Weapons
 a - a +0 war axe
 g - a +1 vampiric whip (weapon)
Armour
 b - a +0 scale mail
 c - a +0 buckler (worn)
 f - a +1 chain mail of poison resistance (worn)
Scrolls
 e - a scroll of poison {unknown}
 h - a scroll of enchant armour {unknown}
Potions
 i - a potion of degeneration {unknown}
 j - a potion of curing {unknown}
 k - a potion of attraction {unknown}


   Skills:
 * Level 4.2 Fighting
 * Level 3.3 Axes
 * Level 4.2 Armour
 * Level 1.6 Dodging
 - Level 3.6 Shields


You had 2 spell levels left.
You didn't know any spells.
Your spell library was empty.

Dungeon Overview and Level Annotations

Branches:
Dungeon (2/15)

Altars:
Uskayaw

Annotations:
D:2 Sigmund


Innate Abilities, Weirdness & Mutations

You have a pair of horns on your head.
You reflexively headbutt those who attack you in melee.


Message History

You hit the gnoll but do no damage. The gnoll hits you with a +0 spear.
The gnoll barely misses you.
You closely miss the gnoll. The gnoll barely misses you.
You block the gnoll's attack. Something hits you but does no damage.
The gnoll hits you but does no damage.
The gnoll hits you from afar with a +0 halberd.
You hit the gnoll.
The gnoll is moderately wounded.
The gnoll hits you from afar with a +0 halberd!
You block the gnoll's attack.
The gnoll hits you but does no damage. x2
You barely miss the gnoll.
The gnoll is moderately wounded.
A jackal comes into view.
Something hits you!
* * * LOW HITPOINT WARNING * * *
You block the gnoll's attack. The gnoll hits you with a +0 spear.
* * * LOW HITPOINT WARNING * * *
You block the gnoll's attack. The gnoll hits you but does no damage.
A jackal comes into view.
You feel very mighty all of a sudden.
The jackal barks!
The jackal bites you but does no damage.
The gnoll hits you but does no damage. The gnoll hits you with a +0 whip.
* * * LOW HITPOINT WARNING * * *
Something hits you but does no damage. The gnoll closely misses you.
The gnoll barely misses you.
You hit the jackal. Your headbutt misses the jackal.
The jackal is heavily wounded.
You block the jackal's attack.
The jackal stops to sniff the ground.
The gnoll hits you but does no damage. x2; The gnoll barely misses you.
You block the gnoll's attack. The jackal closely misses you.
You furiously retaliate!
You headbutt the jackal!
You kill the jackal!
Something hits you.
* * * LOW HITPOINT WARNING * * *
You hit the gnoll.
The gnoll is severely wounded.
The gnoll hits you but does no damage. x2; The gnoll hits you with a +0 spear.
You die...

.... .... ...
..###### #######
#.h....# #......
#.g....# ###.#####
+.ggh..# #...)....
#g@....# #.#.#..##
#..)...# #.#.#....
#......# #.#.#..#.
#..)..(####.#.#..#.
#...........#.#..#.
..........#####.####.
............. ..##...
##########.### #.##
#.# #.


You could see 4 gnolls and 2 jackals.

Vanquished Creatures
  A gnoll (D:1)
  2 dart slugs
  5 endoplasms
  2 giant cockroaches (D:1)
  3 goblins (D:1)
  A hobgoblin (D:1)
  5 jackals
  10 kobolds
  4 ball pythons
  A bat (D:1)
  3 frilled lizards (D:1)
  2 rats (D:1)
39 creatures vanquished.

Notes
Turn   | Place    | Note
-------+----------+-------------------------------------------
     0 | D:1      | Martska the Minotaur Fighter began the quest for the Orb.
     0 | D:1      | Reached XP level 1. HP: 19/19 MP: 0/0
    79 | D:1      | Reached XP level 2. HP: 24/27 MP: 1/1
   123 | D:1      | Reached skill level 1 in Dodging
   431 | D:1      | Reached XP level 3. HP: 31/31 MP: 2/2
  1118 | D:2      | Found a hide-covered altar of Uskayaw.
  1270 | D:2      | Noticed Sigmund
  1280 | D:2      | Slain by a gnoll

Illustrated notes

Levels and vault maps discovered:
D:1:      wheals_arrival_linesprint, layout_basic
D:2:      layout_basic, basic_altar, st_stairs_4, uniq_sigmund

Skill      XL: |  1  2 |
---------------+-------+-----
Dodging        | 1 |  1.6
Fighting       | 4 |  4.2
Armour         | 4 |  4.2
Axes           | 3 |  3.3
Shields        | |  3.6

Action                     || total
---------------------------++-------
  Melee: War axe           ||    33
         Headbutt          ||     8
         Whip              ||    50
    Use: Potion            ||     1
 Armour: Chain mail        ||    52
  Dodge: Dodged            ||    40
  Block: Buckler           ||    22
